 Dungeon Crawl Stone Soup version 0.31-a0-1082-g7d1fb776a8 (webtiles) character file.

Game seed: 7456221995458324266

627 Flugslaktarn the Changeling (level 7, -1/47 HPs)
             Began as an Octopode Shapeshifter on Nov 28, 2023.
             Slain by an orc
             ... wielding a +0 dagger
              (4 damage)
             ... on level 5 of the Dungeon.
             The game lasted 00:02:10 (3882 turns).

Flugslaktarn the Changeling (Octopode Shapeshifter) Turns: 3882, Time: 00:02:10

Health: -1/47      AC:  1    Str: 13    XL:     7   Next: 48%
Magic:  7/7        EV: 18    Int: 13    God:
Gold:   219        SH:  0    Dex: 13    Spells: 6/6 levels left

rFire   . .          .
                       - Unarmed
rCold   . . .        (no shield)
rNeg    . . .        (helmet currently unavailable)
rPois   .            (no amulet)
rElec   .            v - +5 ring of evasion
rCorr   .            (no ring)
SInv    .            (no ring)
Will    .....        (no ring)
Stlth   ++           (no ring)
HPRegen 0.27/turn    (no ring)
MPRegen 0.10/turn    (no ring)
                     (no ring)

%: no passive effects
@: beast-form
A: beast (slay +3), almost no armour, amphibious, 8 rings, camouflage 1,
gelatinous body 1, (nimble swimmer 1), tentacles
a: Begin Untransformation


You were on level 5 of the Dungeon.
You were a hulking beast.
You visited 1 branch of the dungeon, and saw 5 of its levels.

You collected 219 gold pieces.

Inventory:

Missiles
 m - a throwing net
Jewellery
 f - a ring of protection from fire
   (You found it on level 4 of the Dungeon)
 v - a +5 ring of evasion (left tentacle)
   (You found it on level 2 of the Dungeon)
Talismans
 b - a beast talisman
 c - a flux talisman
 r - a serpent talisman
   (You found it on level 4 of the Dungeon)
Wands
 q - a wand of iceblast (2)
   (You found it on level 4 of the Dungeon)
Scrolls
 e - a scroll of fog {unknown}
 g - a scroll of blinking {unknown}
 i - a scroll of summoning {unknown}
 j - a scroll of enchant armour {unknown}
 k - 2 scrolls of identify {unknown}
 n - a scroll of revelation
 t - 4 scrolls of teleportation
Potions
 a - a potion of lignification
 d - a potion of mutation {unknown}
 h - a potion of heal wounds {unknown}
 l - a potion of invisibility {unknown}
 o - a potion of attraction {unknown}
 p - a potion of curing {unknown}


   Skills:
 + Level 3.9 Fighting
 - Level 2.0 Dodging
 + Level 4.9 Unarmed Combat
 * Level 5.9 Shapeshifting


You had 6 spell levels left.
You didn't know any spells.
Your spell library was empty.

Dungeon Overview and Level Annotations

Branches:
Dungeon (5/15)
 Temple: D:4-7

Altars:
Gozag
Okawaru
Sif Muna
Wu Jian

Shops:
D:3 :


Innate Abilities, Weirdness & Mutations

You are a hulking beast.
Your limbs bulge with bestial killing power. (Slay +3)
You cannot wear most types of armour.
You are amphibious.
You can wear up to eight rings at the same time.
Your skin changes colour to match your surroundings (Stealth+).
Your rubbery body absorbs attacks. (AC +1, EV +1)
((You are camouflaged when in or above water. (Stealth+)))
You have tentacles for arms and can constrict up to eight enemies at once.


Message History

You closely miss the jackal. You grab the jackal. You squeeze the jackal.
You kill the jackal!
You tentacle-slap the jackal. You grab the jackal.
The jackal is severely wounded.
You constrict the jackal.
You kill the jackal!
The orc closely misses you. The phantom hits you.
The phantom blinks!
You see here a jackal corpse.
You closely miss the phantom. The orc misses you.
The phantom hits you but does no damage.
The phantom hits you.
You tentacle-slap the phantom.
The phantom is lightly damaged.
The orc closely misses you. The phantom hits you.
The phantom blinks!
You blink.
You tentacle-slap the phantom.
The phantom is moderately damaged.
The orc barely misses you. The phantom completely misses you.
You tentacle-slap the phantom.
The phantom is moderately damaged.
The orc hits you with a +0 dagger. The phantom hits you.
The phantom blinks!
You blink.
You tentacle-slap the phantom but do no damage.
The phantom is lightly damaged.
The phantom closely misses you.
You bludgeon the phantom!
The phantom is heavily damaged.
The orc completely misses you. The phantom hits you.
You tentacle-slap the phantom but do no damage.
The phantom is heavily damaged.
The orc completely misses you. The phantom hits you.
You tentacle-slap the phantom.
The phantom is heavily damaged.
The orc hits you with a +0 dagger. The phantom barely misses you.
The phantom hits you.
You tentacle-slap the phantom. Your squeeze misses the phantom.
The phantom is heavily damaged.
The orc closely misses you. The phantom completely misses you. x2
You tentacle-slap the phantom.
Your tentacle-slap misses the phantom.
The phantom is severely damaged.
You tentacle-slap the phantom. You squeeze the phantom.
The phantom is almost destroyed.
The orc closely misses you.
The phantom hits you. x2; The phantom blinks!
You blink.
You tentacle-slap the phantom. x2
The phantom is moderately damaged.
The phantom misses you.
You miss the phantom. You squeeze the phantom.
The phantom is heavily damaged.
The phantom closely misses you.
You barely miss the phantom.
Your tentacle-slap misses the phantom.
You squeeze the phantom.
The phantom is almost destroyed.
The orc hits you with a +0 dagger. The phantom barely misses you.
The phantom hits you.
The phantom blinks!
You blink.
You are too injured to fight recklessly!
You are too injured to fight recklessly!
You are too injured to fight recklessly!
You are too injured to fight recklessly!
You are too injured to fight recklessly!
You are too injured to fight recklessly!
You are too injured to fight recklessly!
You are too injured to fight recklessly!
You are too injured to fight recklessly!
You are too injured to fight recklessly!
You closely miss the phantom. Your squeeze misses the phantom.
The phantom is heavily damaged.
The phantom hits you.
The phantom blinks!
You blink.
You tentacle-slap the orc. Your grab misses the orc.
The orc is heavily wounded.
The orc hits you with a +0 dagger.
* * * LOW HITPOINT WARNING * * *
The phantom barely misses you.
You miss the phantom.
You squeeze the phantom, but do no damage.
The phantom is almost destroyed.
The orc closely misses you. The phantom completely misses you.
The phantom closely misses you.
You closely miss the phantom.
Your tentacle-slap misses the phantom.
The phantom is almost destroyed.
The orc completely misses you. The phantom hits you!
* * * LOW HITPOINT WARNING * * *
The phantom misses you.
You tentacle-slap the phantom.
You destroy the phantom!
The orc barely misses you. The phantom closely misses you.
You feel your intelligence returning.
You bludgeon the phantom!
The phantom is almost destroyed.
The orc misses you. The phantom hits you.
* * * LOW HITPOINT WARNING * * *
Okay, then.
Okay, then.
Aiming: Iceblast
Press: ? - help, Shift-Dir - straight line The mass of ice explodes!
The iceblast engulfs the phantom!
The phantom partially resists.
You destroy the phantom!
The orc hits you with a +0 dagger.
You die...

#### ##..
#######..####+####
#........#≈≈§.≈≈≈#
#........#≈≈...≈≈#
#........#≈.....≈#
#<.......'†.$o...+
#........#§...h.≈#
###........#§≈..§≈§#
..#........#≈≈≈.§≈≈#
#..###.########+####
##.##..# #.....#
###....# ###..###
..#..#######.


You could see an orc.

Vanquished Creatures
  An ice beast (D:5)
  2 phantoms (D:5)
  A gnoll sergeant (D:5)
  A hound (D:5)
  2 orc priests
  A jelly (D:4)
  An orc wizard (D:2)
  2 iguanas
  7 gnolls
  2 adders
  2 worms
  3 dart slugs
  22 orcs
  7 ball pythons
  3 bats
  7 endoplasms
  4 giant cockroaches
  6 goblins
  3 hobgoblins
  5 jackals
  4 quokkas
  2 frilled lizards (D:1)
  7 kobolds
  5 rats
100 creatures vanquished.

Notes
Turn   | Place    | Note
-------+----------+-------------------------------------------
     0 | D:1      | Flugslaktarn the Octopode Shapeshifter began the quest for
                  | the Orb.
     0 | D:1      | Reached XP level 1. HP: 13/13 MP: 1/1
   146 | D:1      | Reached XP level 2. HP: 18/18 MP: 2/2
   945 | D:2      | Reached XP level 3. HP: 21/23 MP: 3/3
  1235 | D:2      | Reached XP level 4. HP: 18/29 MP: 4/4
  1424 | D:2      | Reached skill level 4 in Shapeshifting
  2048 | D:3      | Reached XP level 5. HP: 31/35 MP: 5/5
  2082 | D:3      | Found Xubyako's Book Emporium.
  2484 | D:3      | Found an iron altar of Okawaru.
  2580 | D:3      | Found an opulent altar of Gozag.
  2850 | D:4      | Found a shimmering blue altar of Sif Muna.
  2855 | D:4      | Found an ornate altar of the Wu Jian Council.
  2912 | D:4      | Reached XP level 6. HP: 27/41 MP: 6/6
  3053 | D:5      | Entered Level 5 of the Dungeon
  3224 | D:4      | Reached skill level 5 in Shapeshifting
  3766 | D:5      | Noticed an ice beast
  3772 | D:5      | Killed an ice beast
  3773 | D:5      | Reached XP level 7. HP: 46/46 MP: 7/7
  3881 | D:5      | HP: 2/47 [phantom (4)]
  3882 | D:5      | Slain by an orc

Illustrated notes

Levels and vault maps discovered:
D:1:      amcnicky_arrival_underground_garden, layout_basic,
          supply_closet_lemuel
D:2:      layout_basic
D:3:      layout_loops_ring, nicolae_overflow_two_pavilions, serial_shops,
          nicolae_square_shop, kennysheep_cross_bottleneck, minmay_fountain_box
D:4:      kennysheep_six_static_rooms, layout_rooms, minitemple
D:5:      layout_rooms, kennysheep_small_square

Skill      XL: |  1  2  3  4  5  6 |
---------------+-------------------+-----
Fighting       | 2 3 |  3.9
Shapeshifting  | 4 5 |  5.9
Unarmed Combat | 4 |  4.9
Dodging        | |  2.0

Action                     |  1- 3 |  4- 6 |  7- 9 || total
---------------------------+-------+-------+-------++-------
  Melee: Unarmed           |    57 |   134 |    24 ||   215
         Constrict         |    11 |    32 |     3 ||    46
         Tentacles         |    11 |    27 |     5 ||    43
         Punch             |     2 |     8 |     1 ||    11
  Evoke: Wand              |       |       |     4 ||     4
    Use: Scroll            |       |     2 |       ||     2
         Potion            |       |     2 |       ||     2
   Stab: Sleeping          |     7 |    12 |       ||    19
         Distracted        |     1 |       |       ||     1
 Armour: Skin              |    22 |    39 |    20 ||    81
  Dodge: Dodged            |    35 |    91 |    27 ||   153

Table legend: (Time is in decaauts)
 A = Elapsed time spent in this place.
 B = Non-inter-level travel time spent in this place.
 C = Inter-level travel time spent in this place.
 D = Time resting spent in this place.
 E = Time spent auto-exploring this place.
 F = Levels seen in this place.
 G = Mean time per level.
                   A        B        C        D        E       F      G
               +--------+--------+--------+--------+--------+-----+--------+
         Total |   3848 |   3714 |    134 |    421 |   2663 |   5 |  769.6 |
       Dungeon |   3848 |   3714 |    134 |    421 |   2663 |   5 |  769.6 |
               +--------+--------+--------+--------+--------+-----+--------+

Top non-repeatable levels by time:
     D:2: 996 daAuts
     D:1: 963 daAuts
     D:3: 762 daAuts
     D:4: 708 daAuts
     D:5: 417 daAuts
